 Dungeon Crawl Stone Soup version 0.30-b1-2-g02819fbbbe (webtiles) character file.

Game seed: 8682924315501793912

9 Alarkh the Charlatan (level 2, 20/22 HPs)
             Began as a Demonspawn Artificer on Nov 24, 2023.
             Got out of the dungeon alive.
             The game lasted 00:00:24 (187 turns).

Alarkh the Charlatan (Demonspawn Artificer)          Turns: 187, Time: 00:00:25

Health: 20/22      AC:  3    Str: 12    XL:     2   Next: 6%
Magic:  2/2        EV: 11    Int: 12    God:
Gold:   25         SH:  0    Dex: 15    Spells: 1/1 levels left

rFire   . . .        a - +0 short sword
rCold   . . .        (no shield)
rNeg    . . .        b - +0 leather armour
rPois   .            (no helmet)
rElec   .            (no cloak)
rCorr   .            (no gloves)
SInv    .            (no boots)
Will    .....        (no amulet)
Stlth   ++           (no ring)
HPRegen 0.23/turn    (no ring)
MPRegen 0.08/turn

%: no passive effects
@: no status effects
A: thin skeletal structure 1
a: no special abilities


You escaped.
You visited 1 branch of the dungeon, and saw 1 of its levels.

You collected 25 gold pieces.

Inventory:

Hand Weapons
 a - a +0 short sword (weapon)
Armour
 b - a +0 leather armour (worn)
Wands
 c - a wand of flame (15) (quivered)
 d - a wand of charming (15)
 e - a wand of iceblast (5)


   Skills:
 + Level 2.1 Fighting
 - Level 1.7 Armour
 - Level 0.8 Dodging
 - Level 0.8 Stealth
 - Level 3.0 Evocations


You had one spell level left.
You didn't know any spells.
Your spell library was empty.

Dungeon Overview and Level Annotations

Branches:
Dungeon (1/15)

Altars:


Innate Abilities, Weirdness & Mutations

You have a somewhat thin skeletal structure. (Dex +2, Stealth+)


Message History

The bat closely misses you. The hobgoblin barely misses you.
You hit the hobgoblin.
You kill the hobgoblin!
The bat barely misses you.
Your Fighting skill increases to level 2!
You barely miss the bat. The bat closely misses you.
You closely miss the goblin. The bat closely misses you.
The goblin hits you with a +0 dagger.
You hit the bat but do no damage. The bat completely misses you.
The goblin hits you with a +0 dagger.
You hit the goblin.
The goblin is severely wounded.
The bat hits you but does no damage. The goblin hits you with a +0 dagger.
You are too injured to fight recklessly!
You are too injured to fight recklessly!
You are too injured to fight recklessly!
You hit the goblin.
You kill the goblin!
The bat barely misses you.
You have reached level 2!
Your demonic ancestry asserts itself...
Your bones become slightly less dense.
You barely miss the bat. The bat hits you but does no damage.
You hit the bat.
The bat is moderately wounded.
The bat hits you but does no damage.
You barely miss the bat.
The bat is moderately wounded.
The bat closely misses you.
You barely miss the bat. The bat hits you but does no damage.
The bat hits you but does no damage.
You hit the bat but do no damage. The bat misses you.
The bat hits you but does no damage.
You hit the bat but do no damage. The bat closely misses you.
You hit the bat.
You kill the bat!
There is an escape hatch in the floor here.
There is a staircase leading out of the dungeon here.
Are you sure you want to leave the Dungeon?
This will make you lose the game!
You have escaped!

#. #. #.
##.###############
...>.............#
.....#..#..#..#..#
..)..............#
.................#
...>............@#
...(.............#
##.).............#
##...#..#..#..#..#
...>.............#
...###############
.................
................
.......#......#


There were no monsters in sight!

Vanquished Creatures
  3 hobgoblins (D:1)
  A ball python (D:1)
  A bat (D:1)
  A frilled lizard (D:1)
  2 goblins (D:1)
  A kobold (D:1)
  A rat (D:1)
10 creatures vanquished.

Notes
Turn   | Place    | Note
-------+----------+-------------------------------------------
     0 | D:1      | Alarkh the Demonspawn Artificer began the quest for the
                  | Orb.
     0 | D:1      | Reached XP level 1. HP: 15/15 MP: 1/1
   151 | D:1      | Gained mutation: You have a somewhat thin skeletal
                  | structure. (Dex +2, Stealth+) [demonic ancestry]
   151 | D:1      | Reached XP level 2. HP: 11/22 MP: 2/2
   187 | D:$      | Got out of the dungeon alive.

Illustrated notes

Levels and vault maps discovered:
D:1:      lemuel_arrival_broad_hall, layout_rooms

Skill      XL: |  1 |
---------------+----+-----
Fighting       | 2 |  2.1
Armour         | |  1.7
Dodging        | |  0.8
Stealth        | |  0.8
Evocations     | |  3.0

Action                     || total
---------------------------++-------
  Melee: Short sword       ||    28
         Club              ||     7
         Punch             ||     1
   Stab: Sleeping          ||     1
 Armour: Leather armour    ||    12
  Dodge: Dodged            ||    26
